 Dungeon Crawl Stone Soup version 0.19-a0-1786-g230130f (webtiles) character file.

69 Pr0man the Slasher (level 4, -8/63 HPs)
             Began as a Naga Fighter on Oct 3, 2016.
             Mangled by an orc
             ... wielding a +1 dagger of electrocution
              (11 damage)
             ... on level 5 of the Dungeon.
             The game lasted 00:04:59 (1641 turns).

Pr0man the Slasher (Naga Fighter)                   Turns: 1641, Time: 00:04:59

Health: -8/63      AC: 22    Str: 19    XL:     4   Next: 20%
Magic:  4/4        EV:  1    Int:  9    God:
Gold:   73         SH:  8    Dex: 10    Spells: 0 memorised, 3 levels left

rFire  . . .     SeeInvis +     a - +0 long sword
rCold  . . .     Gourm    .     (armour currently unavailable)
rNeg   + + +     Faith    .     c - +0 shield
rPois  +         Spirit   .     (helmet currently unavailable)
rElec  .         Dismiss  .     (cloak currently unavailable)
rCorr  .         Reflect  .     (gloves currently unavailable)
MR     .....     Harm     .     (no barding)
Stlth  +......... NoTele   +    (no amulet)
                                (no ring)
                                (no ring)

@: tree-form
A: see invisible, (deformed body), (poison resistance), (slowness 0), slow
metabolism 1, spit poison 1, AC +1
a: Spit Poison


You were on level 5 of the Dungeon.
You were not hungry.
You were a tree.
You visited 1 branch of the dungeon, and saw 4 of its levels.

You collected 73 gold pieces.

Inventory:

Hand Weapons
 a - a +0 long sword (weapon)
 o - a +0 hunting sling of flaming
Missiles
 p - 45 stones (quivered)
 v - 11 poisoned needles
Armour
 b - a +0 scale mail (melded)
 c - a +0 shield (worn)
 e - a +0 cloak (melded)
Jewellery
 r - an uncursed amulet of magic regeneration {unknown}
Scrolls
 i - 3 scrolls of amnesia
 m - 2 scrolls of identify
 u - a scroll of remove curse
Potions
 d - a potion of might
 h - a potion of berserk rage {unknown}
 j - a potion of degeneration {unknown}
 k - a potion of brilliance {unknown}
 l - a potion of heal wounds {unknown}
 q - a potion of lignification
 s - 2 potions of mutation {unknown}
Comestibles
 f - 2 bread rations
 g - 3 meat rations
 n - 3 chunks of flesh
 t - a royal jelly
 w - 3 fruits


   Skills:
 - Level 3.0 Fighting
 + Level 4.3 Long Blades
 - Level 2.4 Armour
 - Level 2.4 Shields


You had 3 spell levels left.
You didn't know any spells.

Dungeon Overview and Level Annotations

Branches:
Dungeon (3/15)

Altars:


Innate Abilities, Weirdness & Mutations

You cannot wear boots.
((Your serpentine skin is tough. (AC +1)))
You have supernaturally acute eyesight. (SInv)
((Armour fits poorly on your strangely shaped body.))
((Your system is resistant to poisons. (rPois)))
((You cover ground very slowly.))
You have a slow metabolism.
You can spit poison.


Message History

You block the ball python's attack. The orc hits you but does no damage.
The hound bites you but does no damage.
You hit the hound.
The hound is lightly wounded.
The ball python bites you but does no damage.
The hound bites you but does no damage. The orc hits you but does no damage. x2
You hit the hound.
The hound is heavily wounded.
The hound bites you.
* * * LOW HITPOINT WARNING * * *
The ball python bites you but does no damage.
The hound bites you but does no damage. The orc hits you but does no damage.
The ball python bites you but does no damage.
You barely miss the hound.
The hound is heavily wounded.
The hound bites you but does no damage.
The ball python bites you but does no damage.
The hound bites you but does no damage. You block the orc's attack.
The orc hits you but does no damage. x2; You are electrocuted!
You die...

...#. ...... ....
...... ... ......#
####...
.....##....#
..........#
#...ooo..#
#...oo♣# #....Sh#
. ###.#o## ...
.#####...####....
..........#.......
..........'.......
......%...#o......
####......#....#.#
.............#


You could see a hound, an orc priest, 5 orcs and a ball python.

Vanquished Creatures
  A worm (D:3)
  4 leopard geckos (D:2)
  3 orcs (D:3)
  5 bats
  7 giant cockroaches
  9 goblins
  10 hobgoblins
  A frilled lizard (D:1)
  4 kobolds
  8 rats
52 creatures vanquished.

Notes
Turn   | Place    | Note
-------+----------+-------------------------------------------
     0 | D:1      | Pr0man the Naga Fighter began the quest for the Orb.
     0 | D:1      | Reached XP level 1. HP: 21/21 MP: 1/1
    81 | D:1      | Reached XP level 2. HP: 27/28 MP: 2/2
   209 | D:1      | Reached skill level 3 in Long Blades
   581 | D:2      | Reached XP level 3. HP: 34/34 MP: 3/3
  1164 | D:2      | Reached skill level 4 in Long Blades
  1412 | D:3      | Reached XP level 4. HP: 42/42 MP: 4/4
  1620 | D:3      | You fall through a shaft for 2 floors!
  1620 | D:5      | Entered Level 5 of the Dungeon
  1640 | D:5      | HP: 3/63 [hound (4)]
  1641 | D:5      | Mangled by an orc

Vault maps used:
D:1:      dpeg_arrival_rooms_with_view
D:2:      wad_crossroads, minmay_fountain_box, minmay_goblin_outpost
D:3:      first_bread
D:5:      portal_sewer_entry_c, nicolae_tso_besieged_by_evil

Skill      XL: |  1  2  3 |
---------------+----------+-----
Long Blades    | 3 4 |  4.3
Fighting       | |  3.0
Armour         | |  2.4
Shields        | |  2.4

Action                   |  1- 3 |  4- 6 || total
-------------------------+-------+-------++-------
Melee: Long sword        |   102 |    12 ||   114
 Abil: Spit Poison       |    18 |     5 ||    23
  Use: Scroll            |       |     2 ||     2
       Potion            |       |     1 ||     1
  Eat: Chunk             |     2 |     1 ||     3
Armor: Scale mail        |    54 |     7 ||    61
       Skin              |       |    19 ||    19
Dodge: Dodged            |    27 |     4 ||    31
Block: Shield            |    63 |    10 ||    73
       Rpst.: Long sword |     9 |     2 ||    11
